 Dungeon Crawl Stone Soup version 0.31-a0-204-g7da18cac08 (webtiles) character file.

Game seed: 941909759693317724

478 qw the Skirmisher (level 6, 0/35 HPs)
             Began as a Deep Elf Hunter on June 27, 2023.
             Succumbed to an adder's poison
             ... on level 4 of the Dungeon.
             The game lasted 00:01:21 (2553 turns).

qw the Skirmisher (Deep Elf Hunter)                 Turns: 2553, Time: 00:01:21

Health: 0/35       AC:  5    Str: 10    XL:     6   Next: 86%
Magic:  8/8        EV: 11    Int: 14    God:
Gold:   188        SH:  0    Dex: 18    Spells: 5/5 levels left

rFire   . . .        Y - +2 shortbow
rCold   . . .        (shield currently unavailable)
rNeg    + . .        d - +0 ring mail
rPois   .            (no helmet)
rElec   .            (no cloak)
rCorr   .            (no gloves)
SInv    .            (no boots)
Will    .....        (no amulet)
Stlth   +            i - ring of positive energy
HPRegen 0.25/turn    (no ring)
MPRegen 0.11/turn

%: no passive effects
@: lethally poisoned (0 -> -2)
A: no striking features
a: no special abilities


You were on level 4 of the Dungeon.
You visited 1 branch of the dungeon, and saw 4 of its levels.

You collected 188 gold pieces.


   Skills:
 - Level 2.0 Fighting
 + Level 10.5 Ranged Weapons
 - Level 3.0 Dodging
 - Level 1.2 Stealth


You had 5 spell levels left.
You didn't know any spells.
Your spell library was empty.

Inventory:

Hand Weapons
 Y - a +2 shortbow (weapon)
Armour
 d - a +0 ring mail (worn)
Jewellery
 i - a ring of positive energy (left hand)
Wands
 m - a wand of digging (8)
Scrolls
 f - a scroll of poison {unknown}
 g - 2 scrolls of identify
Potions
 b - a potion of resistance {unknown}
 c - a potion of ambrosia {unknown}
 e - a potion of mutation {unknown}
 h - a potion of brilliance {unknown}
 j - a potion of might {unknown}
 k - a potion of cancellation {unknown}
 l - a potion of curing {unknown}

Dungeon Overview and Level Annotations

Branches:
Dungeon (4/15)
 Temple: D:4-7

Altars:
Dithmenos


Message History

The black bear is almost dead.
The adder barely misses you. The black bear closely misses you.
The black bear barely misses you. x2; The adder completely misses you.
You shoot an arrow. The arrow hits the black bear!
You kill the black bear!
The adder bites you.
You are poisoned.
The adder poisons you!
You shoot an arrow. The arrow hits the adder.
The adder is lightly wounded.
You feel sick. The adder barely misses you.
You shoot an arrow. The arrow hits the adder!
The adder is almost dead.
You feel sick. The adder bites you but does no damage. The adder bites you.
You are lethally poisoned!
The adder poisons you!
2547 ||| READING scroll of teleportation.
As you read the scroll of teleportation, it crumbles to dust.
You feel strangely unstable.
You feel sick. The adder closely misses you.
You shoot an arrow. The arrow closely misses the adder.
You feel sick. The adder barely misses you.
You shoot an arrow. The arrow hits the adder.
The adder is almost dead.
You feel sick. The adder closely misses you. x2
You shoot an arrow. The arrow barely misses the adder.
You feel sick. The adder bites you but does no damage.
You shoot an arrow. The arrow closely misses the adder.
Your surroundings suddenly seem different.
You feel sick.
Enter note:
Enter note:
Enter note:
Enter note:
Enter note:
Enter note:
There is a lethal amount of poison in your body!
You feel sick.
There is a lethal amount of poison in your body!
You die...

)..~.#+######.## 77.~.#.#
#.# ...~.#.# ##.#######
.7.~.#.# #........#
.7.~.#(## #..####.##
77.~....####..# #.######
...~....##....# #..(...#
~~~~....##....#########.#
.........#....#.@.......#
##............#.#########
#............#.#
######.....#.#.#
#.....#.#.######
#.....#.#....%.########
#.......######.#......#
#.....(.## #.#.####.#
#######..# #.#.# #.#


There were no monsters in sight!

Vanquished Creatures
  A black bear (D:4)
  2 scorpions (D:4)
  A hound (D:4)
  An orc priest (D:4)
  2 orc wizards (D:4)
  A gnoll (D:1)
  6 adders
  A worm (D:4)
  15 orcs (D:4)
  7 endoplasms
  3 giant cockroaches
  11 goblins
  5 hobgoblins
  4 jackals (D:4)
  3 quokkas
  10 ball pythons
  7 bats
  4 frilled lizards
  5 kobolds
  2 rats (D:1)
91 creatures vanquished.

Notes
Turn   | Place    | Note
-------+----------+-------------------------------------------
     0 | D:1      | qw the Deep Elf Hunter began the quest for the Orb.
     0 | D:1      | Reached XP level 1. HP: 12/12 MP: 3/3
     0 | D:1      | 0 ||| qw: Version: 0.3-a-22-g0ed2b0b
     0 | D:1      | 0 ||| qw: Game counter: 6521
     0 | D:1      | 0 ||| qw: Melee chars always use a shield: true
     0 | D:1      | 0 ||| qw: God list: Okawaru
     0 | D:1      | 0 ||| qw: Allow faded altars: false
     0 | D:1      | 0 ||| qw: Do Orc after clearing Dungeon:15 true
     0 | D:1      | 0 ||| qw: Do second Lair branch before Depths: true
     0 | D:1      | 0 ||| qw: Lair rune preference: random
     0 | D:1      | 0 ||| qw: Goals: Normal
     0 | D:1      | 0 ||| PLANNING D:1-11
   120 | D:1      | Reached XP level 2. HP: 12/16 MP: 4/4
   151 | D:1      | Reached skill level 6 in Ranged Weapons
   320 | D:1      | Reached XP level 3. HP: 20/20 MP: 5/5
   680 | D:1      | 680 ||| UPGRADING to +0 ring mail.
   690 | D:1      | 690 ||| DROPPING +0 leather armour.
   691 | D:1      | 691 ||| READING scroll labelled ZINWUB ORESEKH.
   692 | D:1      | 692 ||| READING 4 scrolls labelled XANORE IQUTRUM.
   693 | D:1      | 693 ||| READING scroll labelled OVARAE JASUELE.
   694 | D:1      | 694 ||| READING 3 scrolls of identify.
   694 | D:1      | 694 ||| IDENTIFYING yellow potion
   695 | D:1      | 695 ||| DROPPING scroll of butterflies.
   696 | D:1      | 696 ||| DROPPING potion of attraction.
   729 | D:2      | Reached skill level 7 in Ranged Weapons
   807 | D:2      | 807 ||| READING scroll of enchant weapon.
   807 | D:2      | 807 ||| ENCHANTING +1 shortbow.
   810 | D:2      | 810 ||| FLEEEEING.
   811 | D:2      | 811 ||| FLEEEEING.
   812 | D:2      | 812 ||| FLEEEEING.
   813 | D:2      | 813 ||| FLEEEEING.
   985 | D:2      | 985 ||| FLEEEEING.
   986 | D:2      | 986 ||| FLEEEEING.
  1002 | D:2      | 1002 ||| FLEEEEING.
  1003 | D:2      | 1003 ||| FLEEEEING.
  1004 | D:2      | 1004 ||| FLEEEEING.
  1179 | D:2      | Reached XP level 4. HP: 25/25 MP: 6/6
  1237 | D:2      | 1237 ||| UPGRADING to ring of positive energy.
  1238 | D:2      | 1238 ||| READING scroll labelled XUODGH HAFIEGOE.
  1239 | D:2      | 1239 ||| READING scroll labelled JACZIF KANKEIMI.
  1242 | D:2      | 1242 ||| READING 3 scrolls labelled ARIPTO RAMORIO.
  1243 | D:2      | 1243 ||| READING 2 scrolls of identify.
  1243 | D:2      | 1243 ||| IDENTIFYING pink potion
  1244 | D:2      | 1244 ||| DROPPING 2 scrolls of revelation.
  1355 | D:3      | Found a faded altar of an unknown god.
  1509 | D:3      | 1509 ||| READING scroll labelled WEXZEM EDIL.
  1532 | D:4      | 1532 ||| PLANNING OSSUARY
  1650 | D:4      | Found a shadowy altar of Dithmenos.
  1681 | D:4      | Noticed a scorpion
  1684 | D:4      | Reached skill level 8 in Ranged Weapons
  1691 | D:4      | HP: 3/25 [poisoned by a scorpion]
  1692 | D:4      | 1692 ||| DRINKING potion of heal wounds.
  1695 | D:4      | Killed a scorpion
  1696 | D:4      | Reached XP level 5. HP: 13/29 MP: 7/7
  1902 | D:4      | Reached skill level 9 in Ranged Weapons
  1976 | D:4      | Reached XP level 6. HP: 33/35 MP: 8/8
  2110 | D:4      | Reached skill level 10 in Ranged Weapons
  2224 | D:4      | 2224 ||| RIP OSSUARY
  2317 | D:4      | 2317 ||| PLANNING D:1-11
  2536 | D:4      | Reached skill level 3 in Dodging
  2546 | D:4      | HP: 8/35 [poisoned by an adder]
  2547 | D:4      | 2547 ||| READING scroll of teleportation.
  2549 | D:4      | HP: 3/35 [poisoned by an adder]
  2552 | D:4      | HP: 1/35 [poisoned by an adder]
  2553 | D:4      | Succumbed to an adder's poison

Levels and vault maps discovered:
D:1:      sevenhm_arrival_forest_fort_large_4, layout_basic,
          minmay_shallow_snake_nest
D:2:      layout_rooms, chequers_serial_rivers_room_b, hex_tiny
D:3:      layout_rooms, shapermc_ecumenical_altar_mp_urbaneastern
D:4:      minmay_razor_zed, layout_basic, mainiacjoe_overflow_brackets,
          enter_ossuary_1

Skill      XL: |  1  2  3  4  5  6 |
---------------+-------------------+-----
Ranged Weapons | 6 7 8 9 10 | 10.5
Fighting       | 2 |  2.0
Dodging        | 3 |  3.0
Stealth        | |  1.2

Action                     |  1- 3 |  4- 6 || total
---------------------------+-------+-------++-------
   Fire: Shortbow          |   147 |   165 ||   312
    Use: Scroll            |     5 |     6 ||    11
         Potion            |       |     1 ||     1
 Armour: Leather armour    |     7 |       ||     7
         Ring mail         |     5 |    24 ||    29
  Dodge: Dodged            |    43 |    53 ||    96

Table legend:
 A = Non-vault XP
 B = Vault XP
 C = Vault XP percentage of total XP
 D = Non-vault monster count
 E = Vault monster count
 F = Vault count percentage of total count
                 A         B        C        D         E       F
            +---------+---------+-------+---------+---------+-------
      Total |     427 |     257 |  37.6 |      77 |      14 |  15.4
            +---------+---------+-------+---------+---------+-------
        D:1 |      53 |       7 |  11.7 |      27 |       4 |  12.9
        D:2 |      46 |       0 |   0.0 |      14 |       0 |   0.0
        D:3 |      14 |       0 |   0.0 |       9 |       0 |   0.0
        D:4 |     314 |     250 |  44.3 |      27 |      10 |  27.0
            +---------+---------+-------+---------+---------+-------
